 Dungeon Crawl Stone Soup version 0.30-a0-737-gf23d94013f (webtiles) character file.

Game seed: 13575706460082523265

7757 NinjaNoafa the Nimble (level 11, -1/51 HPs)
             Began as a Felid Summoner on Feb 2, 2023.
             Was an Initiate of Gozag.
             Killed from afar by a rime drake (28 damage)
             ... with an icy flash freeze
             ... on level 1 of the Lair of Beasts.
             The game lasted 00:29:23 (12775 turns).

NinjaNoafa the Nimble (Felid Summoner)             Turns: 12775, Time: 00:29:24

Health: -1/51      AC:  2    Str:  4    XL:     11   Next: 1%
Magic:  8/23       EV: 24    Int: 25    God:    Gozag
Gold:   122        SH:  5    Dex: 18    Spells: 9/24 levels left
                                        Lives:  0   Deaths: 3

rFire   + . .      SeeInvis +    (weapon unavailable)
rCold   x . .      Faith    .    (shield unavailable)
rNeg    . . .      Spirit   .    (body armour unavailable)
rPois   +          Reflect  +    (helmet unavailable)
rElec   .          Harm     .    (cloak unavailable)
rCorr   .          Rampage  .    (gloves unavailable)
Will    +....                    (boots unavailable)
Stlth   +++                      I - amulet of reflection
HPRegen 0.28/turn                p - ring "Piges" {Fire Int+5}
MPRegen 0.18/turn                J - ring of poison resistance

@: gold aura, quick
A: very small, claws 1, fangs 3, see invisible, speed 1, shaggy fur 2, stealthy
paws, no weapons or thrown items, no armour, multi-lived
a: Renounce Religion, Potion Petition, Call Merchant, Bribe Branch


You were on level 1 of the Lair of Beasts.
You worshipped Gozag.
Gozag was aware of your devotion.
You visited 3 branches of the dungeon, and saw 15 of its levels.

You collected 1963 gold pieces.
You spent 1087 gold pieces at shops.
You paid 754 gold pieces to Gozag.

Inventory:

Jewellery
 p - the ring "Piges" (left paw) {Fire Int+5}
   (You bought it in a shop on level 1 of the Lair of Beasts)

   [ring of fire]

   It enhances your fire magic.
   Int:       It affects your intelligence (+5).
   rF:        It protects you from fire.
   rC:        It makes you vulnerable to cold.
 q - a ring of flight
 B - a ring of protection from cold
 G - a +6 ring of dexterity
 I - an amulet of reflection (around neck)
 J - a ring of poison resistance (right paw)
Wands
 i - a wand of charming (7)
 l - a wand of roots (14)
 C - a wand of polymorph (5)
Scrolls
 a - 2 scrolls of noise
 f - 8 scrolls of teleportation
 k - 3 scrolls of vulnerability
 n - 2 scrolls of blinking
 r - 2 scrolls of amnesia {unknown}
 t - a scroll of immolation {unknown}
 u - a scroll of summoning {unknown}
 v - 2 scrolls of fog {unknown}
 w - 2 scrolls of poison {unknown}
 y - a scroll of silence {unknown}
 E - a scroll of fear {unknown}
 H - a scroll of acquirement {unknown}
Potions
 c - 4 potions of curing
 d - 5 potions of attraction {unknown}
 e - 3 potions of heal wounds {unknown}
 g - 4 potions of cancellation
 h - a potion of experience {unknown}
 j - a potion of brilliance {unknown}
 m - 2 potions of resistance {unknown}
 o - a potion of berserk rage
 s - a potion of degeneration {unknown}
 x - a potion of invisibility {unknown}
 z - a potion of lignification {unknown}
 A - 3 potions of might {unknown}
 F - a potion of mutation {unknown}
Miscellaneous
 b - a lightning rod (4/4)


   Skills:
 - Level 7.7 Fighting
 - Level 10.5 Dodging
 + Level 5.8 Stealth
 - Level 7.4 Spellcasting
 - Level 5.0 Hexes
 - Level 8.9 Summonings
 - Level 5.0 Translocations
 - Level 7.0 Air Magic
 + Level 6.4 Evocations


You had 9 spell levels left.
You knew the following spells:

 Your Spells              Type           Power      Damage    Failure   Level
a - Summon Small Mammal   Summ           100%       N/A       1%          1
b - Call Imp              Summ           53%        N/A       1%          2
c - Call Canine Familiar  Summ           53%        N/A       1%          3
d - Summon Guardian Gole  Hex/Summ       44%        N/A       1%          3
e - Summon Lightning Spi  Summ/Air       49%        N/A       2%          4
f - Blink                 Tloc           68%        N/A       1%          2

Your spell library contained the following spells:

 Spells                   Type           Power      Damage    Failure   Level
 Lesser Beckoning         Tloc           68%        N/A       1%          2
 Poisonous Vapours        Pois/Air       52%        N/A       2%          2
 Cigotuvi's Dreadful Rot  Necr/Pois/Air  42%        N/A       3%          2
 Momentum Strike          Conj/Tloc      42%        3d9       3%          2
 Magic Dart               Conj           36%        1d4       6%          1
 Inner Flame              Hex/Fire       32%        N/A       7%          3
 Mephitic Cloud           Conj/Pois/Air  21%        N/A       8%          3
 Searing Ray              Conj           18%        2d5       10%         2
 Fulminant Prism          Conj/Hex       10%        3d8       22%         4
 Flame Wave               Conj/Fire      14%        2d6       54%         4
 Sticky Flame             Conj/Fire      14%        2d4       54%         4
 Blade Hands              Tmut           4%         N/A       87%         5
 Iron Shot                Conj/Erth      4%         9d2       100%        6
 Animate Armour           Summ/Erth      Unusable   N/A       N/A         4

Dungeon Overview and Level Annotations

Branches:
Dungeon (13/15)            Temple (1/1) D:6            Lair (1/5) D:10
    Orc: D:9-12      Vaults: D:13-14

Altars:
Ashenzari
Cheibriados
Dithmenos
Elyvilon
Fedhas
Gozag
Hepliaklqana
Kikubaaqudgha
Makhleb
Nemelex Xobeh
Okawaru
Qazlal
Ru
Sif Muna
Trog
Uskayaw
Vehumet
Wu Jian
Xom
Yredelemnul
Zin
The Shining One

Shops:
Lair:1 =

Annotations:
D:9 1 runed translucent door


Innate Abilities, Weirdness & Mutations

You have sharp claws.
You have razor-sharp teeth.
You have supernaturally acute eyesight. (SInv)
You cover ground quickly. (Speed+)
You are covered in thick fur. (AC +2)
Your paws help you pounce on unaware monsters.
You are incapable of wielding weapons or throwing items.
You cannot wear armour.
You gain extra lives every three experience levels.


Message History

The yak dies!
The rime drake is distracted by your dazzling golden aura.
Your quokka bites the yak.
The yak gores your lightning spire! The yak gores your lightning spire.
Your lightning spire shoots out a bolt of lightning at the yak!
The bolt of electricity hits the yak!
The yak gores your quokka.
Your lightning spire shoots out a bolt of lightning at the yak!
The bolt of electricity hits the yak!
You hear an angry hiss.
Casting: Summon Lightning Spire (dangerous; 2% risk of failure)
Confirm with . or Enter, or press ? or * to list all spells.
The yak closely misses your quokka. The yak gores your lightning spire!
Your lightning spire is destroyed!
Your lightning spire disappears in a puff of smoke!
The yak gores you!
A yak comes into view.
The yak gores you.
Your warg closely misses the yak.
The yak gores your warg! The yak gores you but does no damage.
Your warg bites the yak!
Your quokka misses the rime drake. The yak gores your warg! The yak gores you!
* * * LOW HITPOINT WARNING * * *
The yak closely misses your warg.
Your warg bites the yak!
The yak dies!
Welcome back to level 11!
Casting: Call Canine Familiar (safe; 1% risk of failure)
Confirm with . or Enter, or press ? or * to list all spells.
An electric hum fills the air.
Your quokka bites the rime drake.
Your warg bites the yak.
The yak is distracted by your dazzling golden aura.
The yak completely misses you.
The yak bellows!
Your quokka bites the rime drake but does no damage.
Your warg barely misses the yak.
Your warg bites the yak!
The rime drake breathes ice at you. The icy flash freeze hits you!!
You feel a painful chill!
Ouch! That really hurt!
You die...
Your body crumbles into a pile of gold.

####. ### ....#
#.### P...##
#####..##......
#.###........k.
#..............
#.P.8kr$....... ##
###....YY........
#.##..@.Y.hP........
##..[)..Y..$........
#...##...........###
###..............#
###..............#
#...............##
###.............#.#
##............######
##............##


You could see 4 yaks, a rime drake (catching breath, ally target), a friendly
warg (summoned), a friendly lightning spire (summoned) and a friendly quokka
(summoned).

Vanquished Creatures
  2 wights (D:6)
  An orc (D:5)
  A quokka (D:6)
4 creatures vanquished.

Vanquished Creatures (collateral kills)
  Snorg (D:10)
  Erica (D:8)
  A two-headed ogre (D:10)
  A torpor snail (Lair:1)
  Maurice (D:10)
  Joseph (D:8)
  2 cane toads (Lair:1)
  A kobold demonologist (D:10)
  2 komodo dragons (Lair:1)
  25 yaks
  A wraith (D:10)
  An orc warrior (D:9)
  An ice beast (D:6)
  2 black bears
  3 centaurs
  2 sky beasts
  An ogre (D:6)
  4 kobold brigands
  3 scorpions
  A bullfrog (D:7)
  2 necrophages
  7 wights
  8 killer bees
  5 howler monkeys
  8 hounds
  2 jellies (D:6)
  2 gnoll boudas (D:5)
  6 orc priests
  4 orc wizards (D:6)
  2 iguanas
  12 gnolls
  5 adders
  A river rat (D:6)
  An ufetubus (D:5)
  4 worms
  2 dart slugs
  23 orcs
  4 ball pythons
  4 bats
  7 endoplasms
  2 giant cockroaches
  4 goblins
  8 hobgoblins
  3 jackals (D:2)
  9 quokkas
  3 frilled lizards
  22 kobolds
  7 rats
222 creatures vanquished.

Vanquished Creatures (others)
  Gastronok (D:8)
  Amaemon (D:8)
  An orange demon (D:8)
  4 yaks (D:7)
  A wraith (D:9)
  2 orc warriors
  An ogre (D:6)
  Blork the orc (D:5)
  2 wights (D:6)
  A gnoll bouda (D:9)
  3 orc wizards
  10 gnolls
  An orc (D:6)
  A quokka (D:6)
  A plant (Lair:1)
31 creatures vanquished.

Grand Total: 257 creatures vanquished

Notes
Turn   | Place    | Note
-------+----------+-------------------------------------------
     0 | D:1      | NinjaNoafa the Felid Summoner began the quest for the Orb.
     0 | D:1      | Reached XP level 1. HP: 7/7 MP: 4/4
   141 | D:1      | Reached XP level 2. HP: 11/11 MP: 0/6
   151 | D:1      | Learned a level 2 spell: Call Imp
   298 | D:1      | Found a faded altar of an unknown god.
   386 | D:1      | Reached XP level 3. HP: 14/14 MP: 2/8
   442 | D:1      | Learned a level 3 spell: Call Canine Familiar
  2103 | D:3      | Reached skill level 5 in Summonings
  2103 | D:3      | Reached XP level 4. HP: 18/18 MP: 7/10
  2786 | D:4      | Noticed a scorpion
  2792 | D:4      | Killed a scorpion
  2793 | D:4      | Reached XP level 5. HP: 21/21 MP: 3/12
  3049 | D:4      | Found a shimmering altar of Xom.
  3134 | D:4      | Reached skill level 1 in Hexes
  3192 | D:4      | Gained mutation: You are covered in thick fur. (AC +2)
                  | [Felid growth]
  3192 | D:4      | Reached XP level 6. HP: 24/24 MP: 9/13
  3287 | D:4      | Found a hide-covered altar of Uskayaw.
  3352 | D:4      | Learned a level 3 spell: Summon Guardian Golem
  3422 | D:4      | Found a bloodstained altar of Trog.
  3422 | D:4      | Found an iron altar of Okawaru.
  3653 | D:5      | Entered Level 5 of the Dungeon
  4023 | D:5      | Noticed Blork the orc
  4034 | D:5      | Reached XP level 7. HP: 27/27 MP: 7/15
  4040 | D:5      | Killed Blork the orc
  4070 | D:5      | Reached skill level 5 in Spellcasting
  4244 | D:5      | Found a radiant altar of Vehumet.
  4362 | D:5      | Found a stormy altar of Qazlal.
  4594 | D:5      | Found an ancient bone altar of Kikubaaqudgha.
  4778 | D:5      | Reached skill level 5 in Hexes
  5096 | D:6      | Reached skill level 1 in Evocations
  5109 | D:6      | Killed from afar by an orc wizard
  5110 | D:6      | Reached XP level 6. HP: -2/24 MP: 6/15
  5213 | D:6      | Reached XP level 7. HP: 27/27 MP: 12/16
  5391 | D:6      | Found a staircase to the Ecumenical Temple.
  5399 | Temple   | Entered the Ecumenical Temple
  5674 | Temple   | Became a worshipper of Gozag Ym Sagoz the Greedy
  5776 | D:6      | Found a shimmering blue altar of Sif Muna.
  5851 | D:6      | Reached skill level 5 in Evocations
  5866 | D:6      | Reached skill level 3 in Dodging
  5868 | D:6      | Reached skill level 1 in Fighting
  5874 | D:6      | Killed from afar by an orc priest
  5875 | D:6      | Reached XP level 6. HP: 0/37 MP: 2/15
  5891 | D:6      | Reached XP level 7. HP: 28/28 MP: 12/16
  5903 | D:6      | Reached skill level 1 in Air Magic
  6349 | D:6      | Found a white marble altar of Elyvilon.
  6764 | D:6      | Found a shadowy altar of Dithmenos.
  7340 | D:7      | Reached XP level 8. HP: 21/32 MP: 0/17
  7475 | D:7      | Learned a level 4 spell: Summon Lightning Spire
  7490 | D:7      | Reached skill level 1 in Translocations
  7679 | D:7      | Reached skill level 5 in Air Magic
  7737 | D:7      | Reached skill level 5 in Translocations
  7812 | D:7      | Reached XP level 9. HP: 16/35 MP: 3/18
  7923 | D:7      | Learned a level 2 spell: Blink
  8512 | D:8      | Reached skill level 4 in Dodging
  8571 | D:8      | Noticed Erica
  8581 | D:8      | Killed Erica
  8582 | D:8      | Reached skill level 5 in Dodging
  8676 | D:8      | Noticed an orange demon
  8687 | D:8      | Noticed Amaemon
  8696 | D:8      | Killed an orange demon
  8697 | D:8      | Reached skill level 6 in Dodging
  8700 | D:8      | Killed Amaemon
  8701 | D:8      | Reached skill level 7 in Dodging
  8829 | D:8      | Reached XP level 10. HP: 43/43 MP: 8/19
  8910 | D:8      | Noticed Gastronok
  8933 | D:8      | Killed Gastronok
  8934 | D:8      | Reached skill level 5 in Fighting
  8934 | D:8      | Reached skill level 8 in Dodging
  9139 | D:8      | Found a glowing golden altar of the Shining One.
  9139 | D:8      | Noticed Joseph
  9161 | D:8      | Killed Joseph
  9811 | D:9      | Reached skill level 9 in Dodging
 10126 | D:9      | Found a runed translucent door.
 10160 | D:9      | Found a basalt altar of Yredelemnul.
 10888 | D:10     | Entered Level 10 of the Dungeon
 10919 | D:9      | Reached XP level 11. HP: 50/50 MP: 12/21
 11020 | D:10     | Reached skill level 10 in Dodging
 11163 | D:10     | Noticed a two-headed ogre
 11177 | D:10     | Killed a two-headed ogre
 11577 | D:10     | Noticed Snorg
 11590 | D:10     | Killed Snorg
 11689 | D:10     | Noticed Maurice
 11745 | D:10     | Killed Maurice
 11913 | D:10     | Found a staircase to the Lair.
 11933 | D:10     | You fall into a shaft and drop 3 floors!
 11951 | D:13     | Noticed a two-headed ogre
 11955 | D:13     | Engulfed by their own flame
 11956 | D:13     | Reached XP level 10. HP: -9/48 MP: 20/22
 12003 | D:13     | Noticed a deep elf pyromancer
 12003 | D:13     | Noticed a deep elf pyromancer
 12054 | D:12     | Noticed a manticore
 12393 | Lair:1   | Entered Level 1 of the Lair of Beasts
 12396 | Lair:1   | Bought an amulet of reflection for 450 gold pieces
 12396 | Lair:1   | Noticed a cane toad
 12421 | Lair:1   | Killed a cane toad
 12503 | Lair:1   | Bought the ring "Piges" {Fire Int+5} for 637 gold pieces
 12553 | Lair:1   | Noticed a torpor snail
 12564 | Lair:1   | Killed a torpor snail
 12671 | Lair:1   | Noticed a cane toad
 12679 | Lair:1   | Killed a cane toad
 12680 | Lair:1   | Reached skill level 5 in Stealth
 12772 | Lair:1   | Reached XP level 11. HP: 26/51 MP: 11/23
 12775 | Lair:1   | Killed from afar by a rime drake

Illustrated notes

Levels and vault maps discovered:
D:1:      psy_arrival_statuary, layout_rooms, shapermc_ecumenical_altar_venn,
          feat_on_display
D:2:      layout_basic, amethyst_killhole
D:3:      layout_rooms, minmay_fountain_box
D:4:      layout_cave_pools, grunt_temple_overflow_bloody_war,
          eat_drink_and_be_merry_uskayaw, kennysheep_little_box
D:5:      layout_rooms, grunt_qazlal_clouds, mainiacjoe_overflow_alcove_2,
          lemuel_doored_altar, uniq_blork_the_orc
D:6:      layout_loops_ring, nicolae_dithmenos_the_darkroom,
          mainiacjoe_overflow_cross_hatched, lemuel_tele_altar,
          minmay_temple_entry_offerings, gup_sewer_entry_spiral
D:7:      layout_basic
D:8:      layout_loops_ring, mainiacjoe_overflow_tiny_flanked, uniq_gastronok,
          uniq_joseph, uniq_amaemon, uniq_erica
D:9:      layout_roguey, dk_yredelemnul_ordeal, nicolae_fountain_basement
D:10:     layout_irregular_city, lair_entry_dummy, uniq_snorg, uniq_maurice
D:11:     layout_basic, serial_shops, shop
D:12:     layout_stronghold, orc_0_dummy
D:13:     layout_roguey
Temple:   dpeg_chambers_temple
Lair:1:   layout_cave_shapes, beast_lair_carwin_8

Skill      XL: |  1  2  3  4  5  6  7  8  9 10 11 |
---------------+----------------------------------+-----
Spellcasting   | 3 4 5 6 7 |  7.4
Summonings     | 5 6 7 8 |  8.9
Hexes          | 1 3 5 |  5.0
Evocations     | 2 5 6 |  6.4
Dodging        | 3 7 9 10 | 10.5
Fighting       | 1 4 7 |  7.7
Air Magic      | 4 6 7 |  7.0
Translocations | 5 |  5.0
Stealth        | 5 |  5.8

Action                     |  1- 3 |  4- 6 |  7- 9 | 10-12 || total
---------------------------+-------+-------+-------+-------++-------
  Melee: Unarmed           |       |     7 |     8 |     2 ||    17
         Bite              |       |     2 |     1 |       ||     3
   Cast: Summon Small Mamm |    46 |    46 |    63 |    20 ||   175
         Call Imp          |    17 |    20 |    43 |    14 ||    94
         Call Canine Famil |    10 |    17 |    50 |    16 ||    93
         Summon Guardian G |       |     3 |    23 |    15 ||    41
         Summon Lightning  |       |       |     7 |    39 ||    46
 Invoke: Call Merchant     |       |       |       |     1 ||     1
  Evoke: Wand              |       |       |     6 |       ||     6
    Use: Potion            |       |       |     2 |     1 ||     3
         Scroll            |       |       |     1 |     7 ||     8
   Stab: Distracted        |       |       |     1 |       ||     1
         Betrayed ally     |       |       |       |     1 ||     1
 Armour: Skin              |     5 |       |     8 |     5 ||    18
  Dodge: Dodged            |    42 |    18 |   105 |   131 ||   296

Table legend: (Time is in decaauts)
 A = Elapsed time spent in this place.
 B = Non-inter-level travel time spent in this place.
 C = Inter-level travel time spent in this place.
 D = Time resting spent in this place.
 E = Time spent auto-exploring this place.
 F = Levels seen in this place.
 G = Mean time per level.
                   A        B        C        D        E       F      G
               +--------+--------+--------+--------+--------+-----+--------+
         Total |  11454 |  11181 |    273 |      0 |   8036 |  15 |  763.6 |
       Dungeon |  10854 |  10614 |    240 |      0 |   7621 |  13 |  834.9 |
        Temple |    246 |    214 |     32 |      0 |    206 |   1 |  246.0 |
          Lair |    352 |    352 |      0 |      0 |    208 |   1 |  352.0 |
               +--------+--------+--------+--------+--------+-----+--------+

Top non-repeatable levels by time:
     D:6: 1426 daAuts
     D:5: 1343 daAuts
     D:7: 1294 daAuts
     D:8: 1199 daAuts
    D:10: 1110 daAuts
     D:2: 1096 daAuts
     D:9: 1072 daAuts
     D:3: 924 daAuts
     D:4: 724 daAuts
     D:1: 545 daAuts
  Lair:1: 352 daAuts
  Temple: 246 daAuts
    D:13: 80 daAuts
    D:12: 26 daAuts
    D:11: 10 daAuts
